 Dungeon Crawl Stone Soup version 0.30-b1-6-gad0e9d6a2d (webtiles) character file.

Game seed: 7059623621266191376

47 H0rd4k the Charlatan (level 3, -1/26 HPs)
             Began as a Human Artificer on May 5, 2023.
             Succumbed to an adder's poison
             ... on level 2 of the Dungeon.
             The game lasted 00:01:28 (1743 turns).

H0rd4k the Charlatan (Human Artificer)              Turns: 1743, Time: 00:01:29

Health: -1/26      AC:  4    Str: 12    XL:     3   Next: 97%
Magic:  3/3        EV: 11    Int: 13    God:
Gold:   85         SH:  0    Dex: 13    Spells: 2/2 levels left

rFire   . . .        a - +0 club
rCold   . . .        (no shield)
rNeg    . . .        b - +0 leather armour
rPois   .            (no helmet)
rElec   .            h - +0 cloak
rCorr   .            (no gloves)
SInv    .            (no boots)
Will    .....        (no amulet)
Stlth   +            (no ring)
HPRegen 0.24/turn    (no ring)
MPRegen 0.08/turn

%: no passive effects
@: mighty, lethally poisoned (-1 -> -7)
A: no striking features
a: no special abilities


You were on level 2 of the Dungeon.
You visited 1 branch of the dungeon, and saw 2 of its levels.

You collected 85 gold pieces.

Inventory:

Hand Weapons
 a - a +0 club (weapon)
Missiles
 k - 3 curare-tipped darts
Armour
 b - a +0 leather armour (worn)
 h - a +0 cloak (worn)
 m - an orb of light
Wands
 c - a wand of flame (15) (quivered)
 d - a wand of charming (15)
 e - a wand of iceblast (5)
Scrolls
 g - a scroll of enchant armour {unknown}
 j - 2 scrolls of vulnerability {unknown}
 l - 4 scrolls of identify {unknown}
Potions
 i - a potion of heal wounds {unknown}


   Skills:
 + Level 1.2 Fighting
 + Level 1.2 Maces & Flails
 - Level 2.0 Armour
 + Level 2.0 Dodging
 + Level 1.3 Stealth
 + Level 3.6 Evocations


You had 2 spell levels left.
You didn't know any spells.
Your spell library was empty.

Dungeon Overview and Level Annotations

Branches:
Dungeon (2/15)

Altars:

Shops:
D:2 [


Message History

You hit the adder but do no damage.
The adder is moderately wounded.
The adder barely misses you. The adder closely misses you.
You closely miss the adder.
The adder is moderately wounded.
The adder bites you.
You are poisoned.
The adder poisons you!
You miss the adder.
The adder is moderately wounded.
You feel sick. The adder bites you but does no damage.
The adder closely misses you.
You hit the adder but do no damage.
The adder is moderately wounded.
You feel sick. The adder closely misses you.
You hit the adder.
The adder is heavily wounded.
You feel sick. The adder closely misses you. The adder barely misses you.
You hit the adder.
The adder is almost dead.
You feel sick.
You are no longer poisoned.
The adder bites you.
You are poisoned.
The adder poisons you! The adder bites you.
You hit the adder.
The adder is almost dead.
You feel sick. The adder bites you.
* * * LOW HITPOINT WARNING * * *
You are more poisoned.
The adder poisons you!
You barely miss the adder.
The adder is almost dead.
* * * LOW HITPOINT WARNING * * *
You feel very sick.
The adder bites you but does no damage. x2
Unknown command.
It was a potion of might.
You feel very mighty all of a sudden.
You die...

.....# ... #...<... ....##
...# #.∩..### ...## #....#
.### ..## #....# ..# ...##
#....# ..# ##### ##...#
######## ..# #...# ......
... JK####...########S# #...
## ..#.)...........@.#
#.#.### ....##...##########
#.....# # .#####...##
###.#†# ### ..# #....##
#...# #.. ..#
#.....######### ##..#####†#
..# #...#..[.......##
#....#...# ..#
#...##########..###......###
..# ##### ###..###.....#
......#..##.##


You could see an adder.

Vanquished Creatures
  An adder (D:2)
  A dart slug (D:1)
  4 bats
  5 endoplasms
  6 giant cockroaches
  2 hobgoblins (D:1)
  3 ball pythons
  2 frilled lizards (D:2)
  A goblin (D:1)
  5 kobolds
  5 rats
35 creatures vanquished.

Notes
Turn   | Place    | Note
-------+----------+-------------------------------------------
     0 | D:1      | H0rd4k the Human Artificer began the quest for the Orb.
     0 | D:1      | Reached XP level 1. HP: 15/15 MP: 1/1
   202 | D:1      | Reached XP level 2. HP: 11/21 MP: 2/2
  1156 | D:2      | Reached XP level 3. HP: 12/26 MP: 3/3
  1256 | D:2      | Reached skill level 1 in Maces & Flails
  1431 | D:2      | Found Zoahes's Antique Armour Boutique.
  1742 | D:2      | HP: 1/26 [poisoned by an adder]
  1743 | D:2      | Succumbed to an adder's poison

Illustrated notes

Levels and vault maps discovered:
D:1:      roderic_crop_circles_arrival_small, layout_basic
D:2:      layout_rooms, serial_shops, shop, nrook_campfire

Skill      XL: |  1  2  3 |
---------------+----------+-----
Maces & Flails | 1 |  1.2
Dodging        | 2 |  2.0
Fighting       | |  1.2
Armour         | |  2.0
Stealth        | |  1.3
Evocations     | |  3.6

Action                     || total
---------------------------++-------
  Melee: Club              ||   209
         Punch             ||     5
    Use: Potion            ||     1
   Stab: Sleeping          ||     2
 Armour: Leather armour    ||   105
  Dodge: Dodged            ||   204
